 Dungeon Crawl Stone Soup version 0.28-a0-664-gc179e30c89 (webtiles) character file.

Game seed: 6402024106817478411

179 acebull12 the Magician (level 5, -4/38 HPs)
             Began as a Djinni Fire Elementalist on Oct 17, 2021.
             Slain by bande's ghost (16 damage)
             ... on level 3 of the Dungeon.
             The game lasted 00:09:47 (4596 turns).

acebull12 the Magician (Djinni Fire Elementalist)   Turns: 4596, Time: 00:09:48

Health: -4/38      AC:  3    Str:  7    XL:     5   Next: 90%
Gold:   65         EV: 16    Int: 17    God:
                   SH:  0    Dex: 14

rFire   + + .      SeeInvis .   e - staff of death
rCold   x . .      Faith    .   (no shield)
rNeg    + . .      Spirit   .   a - +0 robe
rPois   ∞          Reflect  .   (no helmet)
rElec   .          Harm     .   (no cloak)
rCorr   .          Rampage  .   b - +0 pair of gloves
Will    .....                   (boots unavailable)
Stlth   ++........              (no amulet)
HPRegen 0.12/turn               d - +4 ring of evasion
MPRegen 0.00/turn               (no ring)

@: flying
A: sickness immunity, fire resistance 2, cold vulnerability 1, float, innate
caster, hp casting, extra vitality 1
a: no special abilities


You were on level 3 of the Dungeon.
You visited 1 branch of the dungeon, and saw 3 of its levels.

You collected 65 gold pieces.

Inventory:

Armour
 a - a +0 robe (worn)
 b - a +0 pair of gloves (worn)
Magical Staves
 e - a staff of death (weapon)
Jewellery
 d - a +4 ring of evasion (left hand)
Scrolls
 c - a scroll of enchant weapon {unknown}
 f - 3 scrolls of teleportation {unknown}
 j - a scroll of brand weapon {unknown}
 l - a scroll of identify {unknown}
 m - a scroll of fear {unknown}
Potions
 g - a potion of lignification {unknown}
 h - a potion of flight {unknown}
 i - a potion of attraction {unknown}
 k - 2 potions of curing {unknown}
 n - a potion of haste {unknown}


   Skills:
 * Level 1.7 Fighting
 + Level 2.2 Dodging
 - Level 1.6 Stealth
 * Level 4.4 Spellcasting


You couldn't memorise any spells.
You knew the following spells:

 Your Spells              Type           Power      Damage    Failure   Level
a - Foxfire               Conj/Fire      72%        2x1d7     2%          1
b - Scorch                Fire           36%        2d6       3%          2
c - Conjure Flame         Conj/Fire      18%        6-21      8%          3
d - Inner Flame           Hex/Fire       18%        N/A       8%          3
e - Flame Wave            Conj/Fire      18%        3d5       24%         4
f - Pain                  Necr           100%       1d9       2%          1
g - Ensorcelled Hibernat  Hex/Ice        36%        N/A       3%          2
Your spell library was empty.

Dungeon Overview and Level Annotations

Branches:
Dungeon (3/15)

Altars:
Uskayaw
The Shining One

Annotations:
D:3 bande's ghost, amateur GrFi


Innate Abilities, Weirdness & Mutations

You are immune to sickness and miasma.
You are immune to poison.
Your flesh is very heat resistant. (rF++)
You are vulnerable to cold. (rC-)
You float through the air rather than walking.
You learn spells naturally, not from books.
Your magical power is your life essence.
You have superior vitality. (+4 HP)


Message History

The foxfire hits bande's ghost but does no damage.
Bande's ghost is lightly damaged.
The foxfire hits bande's ghost but does no damage.
Bande's ghost is lightly damaged.
You conjure some foxfire!
The foxfire hits bande's ghost but does no damage.
Bande's ghost is lightly damaged.
The foxfire hits bande's ghost.
Bande's ghost is moderately damaged.
You conjure some foxfire!
Bande's ghost hits you!
You are too injured to fight recklessly!
Your foxfire dissipates!
The foxfire hits bande's ghost but does no damage.
Bande's ghost is moderately damaged.
The foxfire hits bande's ghost.
Bande's ghost is moderately damaged.
The foxfire hits bande's ghost but does no damage.
Bande's ghost is moderately damaged.
You are too injured to fight recklessly!
Casting: Foxfire (safe; 2% risk of failure)
Confirm with . or Enter, or press ? or * to list all spells.
You conjure some foxfire!
Bande's ghost hits you but does no damage.
Your foxfire dissipates!
The foxfire hits bande's ghost but does no damage.
Bande's ghost is moderately damaged.
Casting: Foxfire (safe; 2% risk of failure)
Confirm with . or Enter, or press ? or * to list all spells.
You conjure some foxfire!
Bande's ghost misses you.
Your foxfire dissipates!
The foxfire hits bande's ghost but does no damage.
Bande's ghost is moderately damaged.
Casting: Foxfire (safe; 2% risk of failure)
Confirm with . or Enter, or press ? or * to list all spells.
You conjure some foxfire!
Bande's ghost misses you.
Your foxfire dissipates!
Casting: Foxfire (safe; 2% risk of failure)
Confirm with . or Enter, or press ? or * to list all spells.
You conjure some foxfire!
Bande's ghost hits you!
You die...

##...#.....#.....#
#..#########.##### #.##
#.# #. #.# #.# #. #.#
#.# #. #.# #.# #. #.#
#.# #. #######W### #.#
#.
#....(v@..########.####.
#.#...v.#........#......
#....##......#.#.#######
######.#.####..#...#.# #
#........####..##.##.# #
#.####.........##.##.# #
#.####..######.##.##.#
#(##....######.>.....#
#.##)##........##.####


You could see bande's ghost (ally target).

Vanquished Creatures
  Natasha (thrice) (D:2)
  3 adders
  3 worms
  2 dart slugs
  7 endoplasms
  3 giant cockroaches
  7 hobgoblins
  A quokka (D:2)
  5 ball pythons
  7 bats
  6 frilled lizards
  8 goblins
  4 kobolds
  11 rats
70 creatures vanquished.

Vanquished Creatures (others)
  355 foxfires
355 creatures vanquished.

Grand Total: 425 creatures vanquished

Notes
Turn   | Place    | Note
-------+----------+-------------------------------------------
     0 | D:1      | acebull12 the Djinni Fire Elementalist began the quest for
                  | the Orb.
     0 | D:1      | Reached XP level 1. HP: 15/15 MP: 0/0
   454 | D:1      | Reached XP level 2. HP: 18/22 MP: 0/0
  1162 | D:1      | Reached skill level 3 in Spellcasting
  1162 | D:1      | Reached XP level 3. HP: 19/26 MP: 0/0
  1162 | D:1      | Learned a level 1 spell: Pain
  2003 | D:2      | Reached skill level 1 in Fighting
  2256 | D:2      | Found a faded altar of an unknown god.
  2561 | D:2      | Reached XP level 4. HP: 28/32 MP: 0/0
  3029 | D:2      | Noticed Natasha
  3034 | D:2      | Killed Natasha
  3035 | D:2      | Reached XP level 5. HP: 32/37 MP: 0/0
  3035 | D:2      | Learned a level 2 spell: Ensorcelled Hibernation
  3250 | D:2      | Noticed Natasha
  3285 | D:2      | Killed Natasha
  3286 | D:2      | Reached skill level 4 in Spellcasting
  3500 | D:2      | Noticed Natasha
  3505 | D:2      | Killed Natasha
  3813 | D:3      | Found a glowing golden altar of the Shining One.
  4517 | D:3      | Found a hide-covered altar of Uskayaw.
  4569 | D:3      | Found a runed translucent door.
  4573 | D:3      | Noticed bande's ghost (amateur GrFi)
  4596 | D:3      | Slain by bande's ghost

Illustrated notes

Levels and vault maps discovered:
D:1:      shiori_arrival_maze, layout_basic, lemuel_old_faithful
D:2:      layout_rooms, basic_ecumenical_altar, uniq_natasha
D:3:      layout_loops_cross, tso_metal_star, general_overflow_altar,
          ebering_ghost_reflecting_pool

Skill      XL: |  1  2  3  4  5 |
---------------+----------------+-----
Spellcasting   | 3 4 |  4.4
Fighting       | 1 |  1.7
Dodging        | |  2.2
Stealth        | |  1.6

Action                   |  1- 3 |  4- 6 || total
-------------------------+-------+-------++-------
 Cast: Foxfire           |   105 |   115 ||   220
       Pain              |    15 |     8 ||    23
       Ensorcelled Hiber |       |     3 ||     3
Armor: Robe              |     3 |     2 ||     5
Dodge: Dodged            |     6 |     7 ||    13

Table legend: (Time is in decaauts)
 A = Elapsed time spent in this place.
 B = Non-inter-level travel time spent in this place.
 C = Inter-level travel time spent in this place.
 D = Time resting spent in this place.
 E = Time spent auto-exploring this place.
 F = Levels seen in this place.
 G = Mean time per level.
                   A        B        C        D        E       F      G
               +--------+--------+--------+--------+--------+-----+--------+
         Total |   4597 |   4433 |    164 |    375 |   3623 |   3 | 1532.3 |
       Dungeon |   4597 |   4433 |    164 |    375 |   3623 |   3 | 1532.3 |
               +--------+--------+--------+--------+--------+-----+--------+

Top non-repeatable levels by time:
     D:1: 1976 daAuts
     D:2: 1539 daAuts
     D:3: 1082 daAuts
